Cogmind - Beta 10.2 @@@ ROGUE MODE // 2021.10.20 @ 17:23:05 Player: ktur Result: Destroyed by Fortress with Graviton Cannon Performance ------------- Evolutions (8) 4000 Regions Visited (28) 5600 Robots Destroyed (82) 410 Value Destroyed (2744) 2744 Prototype IDs (245) 4900 Alien Tech Used (6) 1200 Bonus (16085) 16085 TOTAL SCORE: 34939 Bonus ------- High Alert Combat Kills 42 Follower Combat Kills 143 Aligned with FarCom 300 Met Data Miner 300 Used Data Conduit 3000 Met Zhirov 300 Met Warlord at Base 500 MAIN.C Attacked Warlord 500 Found Hidden Lab 3000 Decrypted A0 Command 3000 Met Warlord at Research 2000 Scanned by Researcher 500 Pursued by Intercept 500 Met Sigix 2000 Cogmind --------- Core Integrity 0/1450 Matter 300/300 Energy 99/100 System Corruption 13% Temperature Cool (1) Movement Hovering (80) Location -2/Quarantine Parts ------- > --- POWER (3) -------- (None) > --- PROPULSION (6) --- Backup Propulsion III > --- UTILITY (13) ----- Ghost Barrier Quantum Router > --- WEAPON (2) ------- (None) > --- INVENTORY (4) ---- Core Reset Matrix Sigix Containment Pod Peak State ------------ > --- POWER ------------ Micro Fission Core Vortex Chain Reactor > --- PROPULSION ------- Cooled Nuclear Pulse Thruster Cooled Nuclear Pulse Thruster Cooled Nuclear Pulse Thruster Cooled Nuclear Pulse Thruster Q-thruster Cooled Impulse Thruster > --- UTILITY ---------- Advanced Cryofiber Web Improved Coolant Injector Large Storage Unit Experimental Energy Well Experimental Energy Well Superbattery Inertial Stasis Machine Enhanced Optical Array Experimental Armor Integrity Analyzer Advanced Hacking Suite Ghost Barrier Quantum Router > --- WEAPON ----------- Core Stripper > --- INVENTORY -------- Light Quantum Reactor High-capacity Matter Pod AEGIS Remote Shield Transdimensional Reconstructor Core Expander Terrabomb Terrabomb Terrabomb Sigix Containment Pod [Rating: 199] Favorites ----------- Power Light Nuclear Core Engine Ion Engine Power Core Light Nuclear Core Reactor Vortex Chain Reactor Propulsion Light Treads Treads Light Treads Leg Improved Carbon-fiber Leg Hover Unit Improved Hover Unit Flight Unit Improved VTOL Module Utility Large Storage Unit Device Advanced Cryofiber Web Storage Large Storage Unit Processor Enhanced Optical Array Hackware Hacking Suite Weapon Heavy Assault Rifle Energy Gun Medium Laser Ballistic Gun Heavy Assault Rifle Launcher Heavy Missile Launcher Impact Weapon Heavy Hammer Slashing Weapon Power Sword Piercing Weapon Spear Special Melee Weapon Datajack Build | -11 -10 -10 -10 -9 -8 -7 -7 -7 -7 -7 -7 -6 -6 -5 -5 -5 -5 -4 -4 -4 -4 -4 -3 -3 -3 -3 -2 -2 ------- Run | Scr Mat Min Exi Min Mat Fac Was Fac Low Low Dat Pro Fac Fac Upp Upp Zhi Pro Fac Upp Upp War Pro Res Arm Lab Res Qua Slots Evolved 16 | . . . . . 4 2 . . . . . . 2 2 . . . . 2 . . . . 2 . . 2 . Power 2 | . . . . . . 1 . . . . . . . 1 . . . . . . . . . . . . . . Propulsion 4 | . . . . . 2 1 . . . . . . . 1 . . . . . . . . . . . . . . Utility 10 | . . . . . 2 . . . . . . . 2 . . . . . 2 . . . . 2 . . 2 . Weapon . | . . . . . . . . . . . . . . . . . . . . . . . . . . . . . Parts Attached 161 | 7 10 . . . 19 26 . 10 8 3 . . 10 5 1 3 1 3 5 . 2 8 . 5 5 9 4 17 Power 28 | 1 1 . . . 2 5 . . 1 3 . . 4 . 1 1 . . 3 . . 1 . . 1 1 . 3 Engine 11 | 1 1 . . . 1 . . . . 2 . . 3 . 1 1 . . 1 . . . . . . . . . Core 13 | . . . . . 1 5 . . 1 1 . . 1 . . . . . 2 . . 1 . . . . . 1 Reactor 4 | . . . . . . . . . . . . . . . . . . . . . . . . . 1 1 . 2 Propulsion 48 | 2 . . . . 10 9 . 4 1 . . . 2 4 . . . . . . . 5 . 1 4 . 1 5 Treads 9 | 2 . . . . 7 . . . . . . . . . . . . . . . . . . . . . . . Leg 1 | . . . . . 1 . . . . . . . . . . . . . . . . . . . . . . . Wheel . | . . . . . . . . . . . . . . . . . . . . . . . . . . . . . Hover 5 | . . . . . 1 . . . . . . . . . . . . . . . . . . . . . . 4 Flight 33 | . . . . . 1 9 . 4 1 . . . 2 4 . . . . . . . 5 . 1 4 . 1 1 Utility 46 | 1 4 . . . 2 4 . 1 . . . . 3 . . 2 1 3 2 . 2 2 . 4 . 6 3 6 Device 20 | . . . . . . . . . . . . . 1 . . 1 1 2 . . 1 2 . 2 . 5 1 4 Storage 10 | 1 3 . . . 1 . . . . . . . . . . . . 1 . . 1 . . 1 . . . 2 Processor 4 | . 1 . . . 1 . . . . . . . . . . 1 . . . . . . . . . 1 . . Hackware 12 | . . . . . . 4 . 1 . . . . 2 . . . . . 2 . . . . 1 . . 2 . Protection . | . . . . . . . . . . . . . . . . . . . . . . . . . . . . . Artifact . | . . . . . . . . . . . . . . . . . . . . . . . . . . . . . Weapon 39 | 3 5 . . . 5 8 . 5 6 . . . 1 1 . . . . . . . . . . . 2 . 3 Energy Gun 2 | 1 . . . . . . . . . . . . . . . . . . . . . . . . . 1 . . Energy Cannon . | . . . . . . . . . . . . . . . . . . . . . . . . . . . . . Ballistic Gun 11 | 2 5 . . . 4 . . . . . . . . . . . . . . . . . . . . . . . Ballistic Cannon . | . . . . . . . . . . . . . . . . . . . . . . . . . . . . . Launcher 6 | . . . . . 1 1 . 1 . . . . . 1 . . . . . . . . . . . 1 . 1 Special Weapon . | . . . . . . . . . . . . . . . . . . . . . . . . . . . . . Impact Weapon 5 | . . . . . . 3 . 1 . . . . . . . . . . . . . . . . . . . 1 Slashing Weapon 8 | . . . . . . 1 . 2 3 . . . 1 . . . . . . . . . . . . . . 1 Piercing Weapon 3 | . . . . . . . . 1 2 . . . . . . . . . . . . . . . . . . . Special Melee Weapon 4 | . . . . . . 3 . . 1 . . . . . . . . . . . . . . . . . . . Unidentified Prototypes 10 | . . . . . 2 . . 1 . . . . . . . . 1 . . . . . . 1 . 2 1 2 Parts Lost 32 | . . . . . . . . 1 3 . 1 1 . . . . . 1 1 . . . . . . 2 . 22 Power 9 | . . . . . . . . . 2 . 1 1 . . . . . 1 . . . . . . . 2 . 2 Propulsion 11 | . . . . . . . . . . . . . . . . . . . . . . . . . . . . 11 Utility 8 | . . . . . . . . 1 . . . . . . . . . . 1 . . . . . . . . 6 Weapon 4 | . . . . . . . . . 1 . . . . . . . . . . . . . . . . . . 3 Highest Loss Streak 17 | . . . . . . . . 1 3 . 1 1 . . . . . 1 1 . . . . . . 2 . 17 Average Slot Usage (%) 95 | . 99 100 100 100 98 98 100 100 99 85 92 83 88 87 88 88 88 87 82 84 87 91 94 95 94 91 88 72 Engine 6 | . 14 14 14 14 8 . . . . 1 7 . 6 5 5 5 5 4 . . . . . . . . . 1 Core 5 | . . . . . . 14 15 15 14 7 7 6 3 5 5 5 5 5 7 10 10 12 15 14 13 6 4 2 Treads 13 | . 28 28 28 28 31 . . . . . . . . . . . . . . . . . . . . . . . Flight 18 | . . . . . . 37 38 38 38 38 38 38 33 34 35 35 35 35 31 31 31 31 31 28 28 28 26 18 Device 2 | . . . . . . . . . . . . . 1 . . 4 2 3 . . . 4 10 14 14 13 12 11 Storage 15 | . 18 28 28 28 26 7 7 7 7 7 7 7 6 5 5 5 5 7 10 10 12 12 10 9 9 9 8 11 Processor 3 | . 9 . . . 8 . . . . . . . . . . . 5 5 5 5 5 5 5 4 4 8 8 6 Hackware 11 | . . . . . . 22 23 23 23 23 23 23 28 29 29 23 20 17 21 21 21 18 15 19 19 14 19 12 Ballistic Gun 11 | . 26 28 28 28 17 . . . . . . . . . . . . . . . . . . . . . . . Slashing Weapon 2 | . . . . . . 4 7 3 5 7 7 7 6 5 5 5 5 5 5 5 5 5 5 4 4 4 4 2 Special Melee Weapon 1 | . . . . . . 6 7 7 6 . . . . . . . . . . . . . . . . . . . Naked Turns . | . . . . . . . . . . . . . . . . . . . . . . . . . . . . . Heaviest Build 79 | 10 43 43 43 43 64 31 30 30 30 30 30 25 34 29 36 36 30 33 33 33 34 40 40 42 47 71 64 79 Greatest Support 95 | 40 40 40 40 40 80 33 32 34 34 30 34 34 39 36 40 36 31 40 36 40 40 47 45 43 48 69 70 95 Greatest Overweight (x) 3 | 3 1 1 1 1 1 . . . . . . . 1 1 . . . . . . . 1 . . . 1 . 1 Average Overweight (x) . | 1 . 1 1 1 . . . . . . . . . . . . . . . . . . . . . . . . Largest Inventory Capacity 22 | 6 16 16 16 16 22 22 10 10 10 10 10 10 10 10 10 10 10 10 10 10 10 10 10 10 10 10 10 10 Average Capacity 12 | 5 10 16 16 16 21 10 10 10 10 10 10 10 10 10 10 10 10 10 10 10 10 10 10 10 10 10 10 8 Most Carried 22 | 6 16 16 16 16 22 22 10 10 10 10 10 10 10 10 10 10 10 10 10 10 10 10 10 10 10 10 10 10 Average Carried 12 | 4 10 16 15 16 20 10 10 9 9 8 9 9 9 9 9 9 9 10 9 10 9 9 10 9 9 9 9 8 Final Capacity 22 | 6 16 16 16 16 22 10 10 10 10 10 10 10 10 10 10 10 10 10 10 10 10 10 10 10 10 10 10 4 Final Carried 22 | 6 16 16 16 16 22 10 10 10 8 10 9 10 10 10 9 10 10 10 10 10 10 10 10 10 10 10 10 3 Class Distribution -------------------- 47% | Hacker-Sprinter 33% | Mutant 11% | Hauler-Mutant 4% | Hacker-Mutant Dominant Class ---------------- Mutant | -10/Materials Mutant | -10/Mines Mutant | -10/Exiles Mutant | -9/Mines Hauler-Mutant | -8/Materials Hacker-Sprinter | -7/Factory Hacker-Sprinter | -7/Waste Hacker-Sprinter | -7/Factory Hacker-Sprinter | -7/Lower Caves Hacker-Sprinter | -7/Lower Caves Hacker-Sprinter | -7/Data Miner Hacker-Sprinter | -6/Proximity Caves Hacker-Sprinter | -6/Factory Hacker-Sprinter | -5/Factory Hacker-Sprinter | -5/Upper Caves Hacker-Sprinter | -5/Upper Caves Hacker-Sprinter | -5/Zhirov Hacker-Sprinter | -4/Proximity Caves Hacker-Sprinter | -4/Factory Hacker-Sprinter | -4/Upper Caves Hacker-Sprinter | -4/Upper Caves Hacker-Sprinter | -4/Warlord Hacker-Sprinter | -3/Proximity Caves Hacker-Sprinter | -3/Research Hacker-Sprinter | -3/Armory Hacker-Sprinter | -3/Lab Wizard-Sprinter | -2/Research Hacker-Sprinter | -2/Quarantine Resources | -11 -10 -10 -10 -9 -8 -7 -7 -7 -7 -7 -7 -6 -6 -5 -5 -5 -5 -4 -4 -4 -4 -4 -3 -3 -3 -3 -2 -2 ----------- Run | Scr Mat Min Exi Min Mat Fac Was Fac Low Low Dat Pro Fac Fac Upp Upp Zhi Pro Fac Upp Upp War Pro Res Arm Lab Res Qua Matter Collected 2753 | 264 352 107 . . 651 267 . . 153 157 . . 30 145 17 40 . 20 70 . 20 80 . . 37 90 103 150 Remotely . | . . . . . . . . . . . . . . . . . . . . . . . . . . . . . Salvage Created 3333 | 77 543 59 . . 1234 132 . 36 82 192 . 27 146 38 75 147 . . 145 . . . . 24 37 90 . 249 Parts 166 | . 34 4 . . 67 12 . 10 2 2 . 1 4 2 1 1 . . 8 . . . . . 4 5 . 9 Haulers Intercepted 8 | . 2 . . . 4 . . . . . . . 1 . . . . . . . . . . . . . . 1 Recyclers Shooed 1 | . . . . . 1 . . . . . . . . . . . . . . . . . . . . . . . Parts Field Recycled . | . . . . . . . . . . . . . . . . . . . . . . . . . . . . . Retrieved Matter . | . . . . . . . . . . . . . . . . . . . . . . . . . . . . . Parts Self-Destructed 7 | . . . . . . . . . 5 . . 1 . . . . . . . . . 1 . . . . . . Prevented 10 | . . . . . . . . . . . . . . . . 2 . . . . . 8 . . . . . . Kills | -11 -10 -10 -10 -9 -8 -7 -7 -7 -7 -7 -7 -6 -6 -5 -5 -5 -5 -4 -4 -4 -4 -4 -3 -3 -3 -3 -2 -2 ------- Run | Scr Mat Min Exi Min Mat Fac Was Fac Low Low Dat Pro Fac Fac Upp Upp Zhi Pro Fac Upp Upp War Pro Res Arm Lab Res Qua Combat Hostiles Destroyed 53 | . 13 1 . . 17 2 . 4 . . . . . 4 . . . . 2 . . . . . . 1 . 9 Melee 4 | . . . . . . . . . . . . . . . . . . . 2 . . . . . . 1 . 1 Guns 31 | . 13 1 . . 17 . . . . . . . . . . . . . . . . . . . . . . . AOE 18 | . . . . . . 2 . 4 . . . . . 4 . . . . . . . . . . . . . 8 Classes Destroyed 16 | 1 4 . . . 2 . . 1 2 . . 1 1 . . . . . 1 . . . . . . . . 3 Worker 2 | . . . . . . . . . . . . . . 1 . . . . . . . . . 1 . . . . Builder 1 | . . . . . . . . . . . . . . . . . . . . . . . . . . . . 1 Tunneler 1 | . . . . . . . . 1 . . . . . . . . . . . . . . . . . . . . Hauler 8 | . 2 . . . 4 . . . . . . . 1 . . . . . . . . . . . . . . 1 Recycler 4 | 1 . . . . 3 . . . . . . . . . . . . . . . . . . . . . . . Minesweeper 1 | . . . . . . . . . . . . 1 . . . . . . . . . . . . . . . . Operator 8 | . 3 . . . 2 3 . . . . . . . . . . . . . . . . . . . . . . Watcher 3 | . . . . . . . . . . . . . 1 . . . . . . . . . . . 1 . . 1 Swarmer 19 | . 6 . . . 3 2 . 4 . . . . . 4 . . . . . . . . . . . . . . Grunt 22 | . 7 1 . . 11 . . . . . . . . . . . . . . . . . . . . . . 3 Duelist 1 | . . . . . 1 . . . . . . . . . . . . . . . . . . . . . . . Researcher 1 | . . . . . . . . . . . . . . . . . . . . . . . . . . . . 1 Sentry 3 | . . . . . 2 . . . . . . . . . . . . . 1 . . . . . . . . . Specialist 3 | . . . . . . . . . . . . . . . . . . . . . . . . . . . . 3 Programmer 4 | . . . . . . . . . . . . . . . . . . . 1 . . . . . . . . 3 Decomposer 7 | . . . . . . . . . 1 1 . . . . 3 2 . . . . . . . . . . . . Packrat 2 | . . . . . . . . . . . . . . . . 2 . . . . . . . . . . . . Samaritan 2 | . . . . . . . . . 1 1 . . . . . . . . . . . . . . . . . . Best Kill Streak 10 | 1 3 1 . . 6 2 . 5 . . . 1 2 5 . . . . 1 . . . . 1 1 1 . 10 Combat Bots Only 8 | . 3 1 . . 3 2 . 4 . . . . . 4 . . . . 1 . . . . . . 1 . 8 Max Kills in Single Turn 10 | 1 1 1 . . 1 2 . 2 1 1 . 1 1 3 1 1 . . 1 . . . . 1 1 1 . 10 Gunslinging . | . . . . . . . . . . . . . . . . . . . . . . . . . . . . . Exploded 8 | . . . . . . 2 . 2 . . . . . 2 . . . . . . . . . . . . . 8 Melee 1 | . . . . . . . . . . . . . . . . . . . 1 . . . . . . 1 . 1 Uniques/NPCs Destroyed 1 | . . . . . . . . . . . . . . . . . . . . . . . . . . 1 . . A5 (-3/Lab) Combat | -11 -10 -10 -10 -9 -8 -7 -7 -7 -7 -7 -7 -6 -6 -5 -5 -5 -5 -4 -4 -4 -4 -4 -3 -3 -3 -3 -2 -2 -------- Run | Scr Mat Min Exi Min Mat Fac Was Fac Low Low Dat Pro Fac Fac Upp Upp Zhi Pro Fac Upp Upp War Pro Res Arm Lab Res Qua Damage Taken 7315 | . 412 26 . . 915 211 . 125 215 14 43 270 18 113 43 . . 70 355 58 129 . 142 80 50 255 . 3771 Core 2437 | . 69 . . . 122 36 . 35 84 . . 123 8 18 43 . . 27 166 . 23 . 132 . . 79 . 1472 Absorbed by Shields 57 | . . . . . . . . . . . . . . . . . . . . . . . . . . . . 57 Core Remaining (%) 82 | 100 . . . 72 77 . . . . . . 60 99 . . . . 91 . . . . 72 . . 85 . . Volleys Fired 119 | 2 41 2 . . 64 2 . 4 . . . . . 3 . . . . . . . . . . . . . 1 Largest 2 | 2 2 2 . . 2 1 . 1 . . . . . 1 . . . . . . . . . . . . . 1 Hottest 70 | 70 46 46 . . 46 36 . 39 . . . . . 39 . . . . . . . . . . . . . . Shots Fired 228 | 4 82 4 . . 128 2 . 4 . . . . . 3 . . . . . . . . . . . . . 1 Gun 218 | 4 82 4 . . 128 . . . . . . . . . . . . . . . . . . . . . . . Cannon . | . . . . . . . . . . . . . . . . . . . . . . . . . . . . . Launcher 10 | . . . . . . 2 . 4 . . . . . 3 . . . . . . . . . . . . . 1 Special . | . . . . . . . . . . . . . . . . . . . . . . . . . . . . . Kinetic 216 | 2 82 4 . . 128 . . . . . . . . . . . . . . . . . . . . . . . Thermal 3 | 2 . . . . . . . . . . . . . . . . . . . . . . . . . . . 1 Explosive 7 | . . . . . . . . 4 . . . . . 3 . . . . . . . . . . . . . . Electromagnetic 2 | . . . . . . 2 . . . . . . . . . . . . . . . . . . . . . . Robot Hit Streak 13 | 4 13 5 . . 13 . . . . . . . . 2 . . . . . . . . . . . . . . Robot Miss Streak 2 | . 2 . . . 2 . . . . . . . . 1 . . . . . . . . . . . . . . Penetration Max . | . . . . . . . . . . . . . . . . . . . . . . . . . . . . . Secondary Targets 6 | . 1 . . . 5 . . . . . . . . . . . . . . . . . . . . . . . Max Gunslinging Chain 1 | . 1 . . . 1 . . . . . . . . . . . . . . . . . . . . . . . Shots Hit Robots 213 | 4 57 3 . . 91 7 . 1 6 6 1 2 2 2 3 4 . . 7 . . . . 2 2 9 . 4 Core Hits 136 | 2 29 3 . . 46 5 . 7 2 3 . 1 2 7 1 3 . . 3 . . . . 1 2 5 . 14 Critical Hits 4 | . . . . . . 2 . . 1 . . . . . . . . . 1 . . . . . . . . . Critical Kills 3 | . . . . . . 2 . . . . . . . . . . . . 1 . . . . . . . . . Critical Parts Destroyed 1 | . . . . . . . . . 1 . . . . . . . . . . . . . . . . . . . Melee Attacks 284 | . . . . . . 34 . 37 25 6 5 3 17 3 3 21 . 19 20 . 6 . 2 15 16 16 4 32 Kinetic 3 | . . . . . . . . . . . . . . . . . . . . . . . . . . . . 3 Impact 8 | . . . . . . 8 . . . . . . . . . . . . . . . . . . . . . . Slashing 252 | . . . . . . 26 . 16 25 6 5 3 17 3 3 21 . 19 20 . 6 . 2 15 16 16 4 29 Piercing 21 | . . . . . . . . 21 . . . . . . . . . . . . . . . . . . . . Sneak Attacks 21 | . . . . . . 1 . 1 3 2 1 1 1 . 3 4 . . 2 . . . . 1 . . . 1 Combat Hostiles 1 | . . . . . . . . . . . . . . . . . . . 1 . . . . . . . . . Follow-up Attacks . | . . . . . . . . . . . . . . . . . . . . . . . . . . . . . Damage Inflicted 17987 | 43 705 68 . . 1387 521 . 456 495 643 108 196 195 508 405 555 . . 512 . . . . 184 102 610 . 10294 Guns 2152 | 42 697 49 . . 1364 . . . . . . . . . . . . . . . . . . . . . . . Cannons . | . . . . . . . . . . . . . . . . . . . . . . . . . . . . . Explosions 10912 | . . . . . . 96 . 358 . . . . . 508 . . . . . . . . . . . . . 9950 Melee 4871 | . . . . . . 425 . 98 495 643 108 196 195 . 405 555 . . 512 . . . . 184 102 610 . 343 Ramming 52 | 1 8 19 . . 23 . . . . . . . . . . . . . . . . . . . . . . 1 Kinetic 2128 | 18 697 49 . . 1364 . . . . . . . . . . . . . . . . . . . . . . . Thermal 9974 | 24 . . . . . . . . . . . . . . . . . . . . . . . . . . . 9950 Explosive 866 | . . . . . . . . 358 . . . . . 508 . . . . . . . . . . . . . . Electromagnetic 96 | . . . . . . 96 . . . . . . . . . . . . . . . . . . . . . . Impact . | . . . . . . . . . . . . . . . . . . . . . . . . . . . . . Slashing 4773 | . . . . . . 425 . . 495 643 108 196 195 . 405 555 . . 512 . . . . 184 102 610 . 343 Piercing 98 | . . . . . . . . 98 . . . . . . . . . . . . . . . . . . . . Highest Corruption 13 | . . . . . . 1 7 7 7 7 7 7 . . . . . . . . . . 1 . . 1 . 13 Average Corruption 5 | . . . . . . 1 3 7 7 7 7 7 . . . . . . . . . . 1 . . 1 . 6 Corruption Purged . | . . . . . . . . . . . . . . . . . . . . . . . . . . . . . Effects 48 | . . . . . . 2 1 19 9 5 2 4 . . . . . . . . . . . . . . . 6 Message Errors 9 | . . . . . . . . 5 2 . 1 1 . . . . . . . . . . . . . . . . Matter Fused 9 | . . . . . . . . 4 3 1 . . . . . . . . . . . . . . . . . 1 Heat Flow Errors 5 | . . . . . . . . 2 2 . . 1 . . . . . . . . . . . . . . . . Energy Discharges 10 | . . . . . . 2 1 4 . 2 1 . . . . . . . . . . . . . . . . . Parts Rejected 1 | . . . . . . . . . . . . . . . . . . . . . . . . . . . . 1 Data Loss (minor) 6 | . . . . . . . . . 2 1 . 1 . . . . . . . . . . . . . . . 2 Data Loss (major) 1 | . . . . . . . . 1 . . . . . . . . . . . . . . . . . . . . Misdirections 2 | . . . . . . . . . . . . . . . . . . . . . . . . . . . . 2 Targeting Errors 5 | . . . . . . . . 3 . 1 . 1 . . . . . . . . . . . . . . . . Overload Shots . | . . . . . . . . . . . . . . . . . . . . . . . . . . . . . Overflow Damage 2504 | . . . . . . 50 . 89 29 247 . 136 . 19 253 114 . . 173 . . . . 105 . 23 . 1266 Projectiles . | . . . . . . . . . . . . . . . . . . . . . . . . . . . . . Explosions 1311 | . . . . . . . . 26 . . . . . 19 . . . . . . . . . . . . . 1266 Melee 1193 | . . . . . . 50 . 63 29 247 . 136 . . 253 114 . . 173 . . . . 105 . 23 . . Knockbacks . | . . . . . . . . . . . . . . . . . . . . . . . . . . . . . Impact . | . . . . . . . . . . . . . . . . . . . . . . . . . . . . . Kinetic . | . . . . . . . . . . . . . . . . . . . . . . . . . . . . . Secondary . | . . . . . . . . . . . . . . . . . . . . . . . . . . . . . Self-Inflicted Damage 46 | . . . . . . 46 . . . . . . . . . . . . . . . . . . . . . . Shots 3 | . . . . . . 3 . . . . . . . . . . . . . . . . . . . . . . Rammed 13 | 1 3 6 . . 2 . . . . . . . . . . . . . . . . . . . . . . 1 Targets Rammed 15 | 1 3 6 . . 4 . . . . . . . . . . . . . . . . . . . . . . 1 Kicked . | . . . . . . . . . . . . . . . . . . . . . . . . . . . . . Crushed 2 | . . . . . 2 . . . . . . . . . . . . . . . . . . . . . . . Highest Temperature 359 | 40 15 4 . . 24 188 141 359 343 50 69 159 16 56 142 66 3 56 . 61 37 . . . . . . . Average Temperature 49 | 20 7 4 . . 10 54 71 70 48 13 32 44 6 12 54 13 2 29 . 31 32 . . . . . . . Received Heat Transfer 1095 | . 174 9 . . 405 45 . 18 51 9 6 33 . . . . . . 63 9 21 . 9 9 9 . . 225 Siege Activations . | . . . . . . . . . . . . . . . . . . . . . . . . . . . . . Robots Corrupted . | . . . . . . . . . . . . . . . . . . . . . . . . . . . . . Combat Hostiles . | . . . . . . . . . . . . . . . . . . . . . . . . . . . . . Parts Fried . | . . . . . . . . . . . . . . . . . . . . . . . . . . . . . Impact Corruptions . | . . . . . . . . . . . . . . . . . . . . . . . . . . . . . Robots Melted . | . . . . . . . . . . . . . . . . . . . . . . . . . . . . . Combat Hostiles . | . . . . . . . . . . . . . . . . . . . . . . . . . . . . . Parts Melted . | . . . . . . . . . . . . . . . . . . . . . . . . . . . . . Heat Transferred 234 | 74 . . . . . . . . . . . . . . . . . . . . . . . . . . . 160 Parts Sabotaged . | . . . . . . . . . . . . . . . . . . . . . . . . . . . . . Parts Stolen . | . . . . . . . . . . . . . . . . . . . . . . . . . . . . . Parts Stripped . | . . . . . . . . . . . . . . . . . . . . . . . . . . . . . Power Chain Reactions 1 | . . . . . . 1 . . . . . . . . . . . . . . . . . . . . . . Missiles Intercepted . | . . . . . . . . . . . . . . . . . . . . . . . . . . . . . Alert | -11 -10 -10 -10 -9 -8 -7 -7 -7 -7 -7 -7 -6 -6 -5 -5 -5 -5 -4 -4 -4 -4 -4 -3 -3 -3 -3 -2 -2 ------- Run | Scr Mat Min Exi Min Mat Fac Was Fac Low Low Dat Pro Fac Fac Upp Upp Zhi Pro Fac Upp Upp War Pro Res Arm Lab Res Qua Peak Influence 969 | 5 209 129 . . 401 747 296 679 . . . . 103 207 . . . . 98 . . . . 114 122 . 72 969 Initial 266 | . 3 . . . . 182 266 207 . . . . . 50 . . . . 56 . . . . . 14 . . 40 Average 132 | 1 64 44 . . 102 208 274 457 . . . . 71 48 . . . . 43 . . . . 67 41 . 46 620 Maximum Alert Level 3 | . 1 . . . 2 3 1 2 . . . . . 1 . . . . . . . . . . . . . 3 Low Security (%) 82 | 100 95 100 . 100 85 62 . . . . . . 100 86 . . . . 100 . . . . 100 100 . 100 35 Level 1 9 | . 4 . . . 11 34 100 35 . . . . . 13 . . . . . . . . . . . . . . Level 2 5 | . . . . . 3 . . 64 . . . . . . . . . . . . . . . . . . . . Level 3 3 | . . . . . . 3 . . . . . . . . . . . . . . . . . . . . . 64 Level 4 . | . . . . . . . . . . . . . . . . . . . . . . . . . . . . . Level 5 . | . . . . . . . . . . . . . . . . . . . . . . . . . . . . . High Security . | . . . . . . . . . . . . . . . . . . . . . . . . . . . . . Max Security . | . . . . . . . . . . . . . . . . . . . . . . . . . . . . . Squads Dispatched 29 | . 3 . . . 3 3 . 9 . . . . . . . . . . . . . . . . . . 1 10 Investigation 11 | . 1 . . . 2 2 . 5 . . . . . . . . . . . . . . . . . . . 1 Extermination 1 | . . . . . . . . 1 . . . . . . . . . . . . . . . . . . . . Reinforcement 8 | . 2 . . . 1 1 . . . . . . . . . . . . . . . . . . . . 1 3 Assault 1 | . . . . . . . . . . . . . . . . . . . . . . . . . . . . 1 Garrison 5 | . . . . . . . . 3 . . . . . . . . . . . . . . . . . . . 2 Intercept 3 | . . . . . . . . . . . . . . . . . . . . . . . . . . . . 3 Construction Impeded . | . . . . . . . . . . . . . . . . . . . . . . . . . . . . . Haulers Reinforced . | . . . . . . . . . . . . . . . . . . . . . . . . . . . . . Stealth | -11 -10 -10 -10 -9 -8 -7 -7 -7 -7 -7 -7 -6 -6 -5 -5 -5 -5 -4 -4 -4 -4 -4 -3 -3 -3 -3 -2 -2 --------- Run | Scr Mat Min Exi Min Mat Fac Was Fac Low Low Dat Pro Fac Fac Upp Upp Zhi Pro Fac Upp Upp War Pro Res Arm Lab Res Qua Distress Signals 14 | . . . . . 1 3 . 1 . . . . . . . . . . 2 . . . . . 1 . 2 4 Communications Jammed 51 | . . . . . . . . . . . . . . . . . . . . . . 1 . . 50 . . . Distress Signals 51 | . . . . . . . . . . . . . . . . . . . . . . 1 . . 50 . . . Times Spotted 271 | . 29 6 . . 27 31 5 13 13 12 4 10 3 6 4 1 . 6 11 4 3 3 4 3 10 1 8 54 Peak Tracking Total 31 | . 5 3 . . 4 7 5 6 9 8 4 10 1 4 5 1 . 6 9 4 3 3 4 3 5 1 7 31 Tactical Retreats 29 | . . . . . . 9 . 4 3 3 . . 1 . 1 1 . 2 . 1 1 . . . 1 . . 2 Traps | -11 -10 -10 -10 -9 -8 -7 -7 -7 -7 -7 -7 -6 -6 -5 -5 -5 -5 -4 -4 -4 -4 -4 -3 -3 -3 -3 -2 -2 ------- Run | Scr Mat Min Exi Min Mat Fac Was Fac Low Low Dat Pro Fac Fac Upp Upp Zhi Pro Fac Upp Upp War Pro Res Arm Lab Res Qua Traps Triggered 4 | . 1 . . . . 1 . . . . . . . . . . . . . . . . . . 1 . . 1 Indirectly . | . . . . . . . . . . . . . . . . . . . . . . . . . . . . . Trap Hack Attempts . | . . . . . . . . . . . . . . . . . . . . . . . . . . . . . Triggered . | . . . . . . . . . . . . . . . . . . . . . . . . . . . . . Disarmed . | . . . . . . . . . . . . . . . . . . . . . . . . . . . . . Reprogrammed 2 | . . . . . . . . . . . . . . . . . . . 2 . . . . . . . . . Reused 1 | . . . . . . . . . . . . . . . . . . . 1 . . . . . . . . . Traps Extracted . | . . . . . . . . . . . . . . . . . . . . . . . . . . . . . Installed . | . . . . . . . . . . . . . . . . . . . . . . . . . . . . . Triggered 3 | . . . . . . . . . . . . . . . . 1 . . 1 . . 1 . . . . . . Machines | -11 -10 -10 -10 -9 -8 -7 -7 -7 -7 -7 -7 -6 -6 -5 -5 -5 -5 -4 -4 -4 -4 -4 -3 -3 -3 -3 -2 -2 ---------- Run | Scr Mat Min Exi Min Mat Fac Was Fac Low Low Dat Pro Fac Fac Upp Upp Zhi Pro Fac Upp Upp War Pro Res Arm Lab Res Qua Machines Disabled 18 | . . . . . 1 2 . . . . . . 1 2 . . . . . . . . . . . 1 . 11 Max in Single Turn 7 | . . . . . 1 1 . . . . . . 1 2 . . . . . . . . . . . 1 . 7 Garrison Access 6 | . . . . . 1 2 . 3 . . . . . . . . . . . . . . . . . . . . Machines Sabotaged . | . . . . . . . . . . . . . . . . . . . . . . . . . . . . . Garrisons Compromised 1 | . . . . . . . . . . . . . . 1 . . . . . . . . . . . . . . Overloaded Fab Kills . | . . . . . . . . . . . . . . . . . . . . . . . . . . . . . Fab Network Shutdowns 2 | . . . . . . 1 . 1 . . . . . . . . . . . . . . . . . . . . Hacking | -11 -10 -10 -10 -9 -8 -7 -7 -7 -7 -7 -7 -6 -6 -5 -5 -5 -5 -4 -4 -4 -4 -4 -3 -3 -3 -3 -2 -2 --------- Run | Scr Mat Min Exi Min Mat Fac Was Fac Low Low Dat Pro Fac Fac Upp Upp Zhi Pro Fac Upp Upp War Pro Res Arm Lab Res Qua Machines Accessed 99 | . 9 . 1 . 8 16 . 19 2 . 4 . 5 4 . . 4 . 6 . . 2 . 5 4 1 1 8 Terminals 52 | . 7 . . . 6 9 . 10 . . . . 3 3 . . . . 5 . . . . 2 1 . . 6 Fabricators 9 | . . . . . . 1 . 4 . . . . . . . . . . 1 . . . . 1 2 . . . Repair Stations 5 | . . . . . . . . 1 . . . . 1 . . . . . . . . . . 1 . . 1 1 Recycling Units 6 | . 2 . . . . 2 . . . . . . 1 . . . . . . . . . . . 1 . . . Scanalyzers 7 | . . . . . 1 2 . 1 . . . . . 1 . . . . . . . . . 1 . . . 1 Garrison Access 6 | . . . . . 1 2 . 3 . . . . . . . . . . . . . . . . . . . . Total Hacks 360 | . 24 . 1 . 25 46 . 51 2 . 26 . 12 13 . . 13 . 30 . . 2 . 29 23 20 14 29 Successful 220 | . 9 . 1 . 11 24 . 28 2 . 26 . 10 11 . . 13 . 23 . . 2 . 14 12 20 2 12 Failed 140 | . 15 . . . 14 22 . 23 . . . . 2 2 . . . . 7 . . . . 15 11 . 12 17 Catastrophic 27 | . 1 . . . 5 3 . 4 . . . . . 1 . . . . 1 . . . . 4 1 . 2 5 Database Lockouts . | . . . . . . . . . . . . . . . . . . . . . . . . . . . . . Manual 146 | . 16 . 1 . 17 21 . 20 . . . . 3 8 . . . . 20 . . 1 . 15 6 . . 18 Terminals 169 | . 18 . . . 18 27 . 27 . . . . 7 11 . . . . 23 . . . . 15 3 . . 20 Fabricators 43 | . . . . . . 2 . 9 . . . . . . . . . . 7 . . . . 8 17 . . . Repair Stations 26 | . . . . . . . . 3 . . . . 4 . . . . . . . . . . 3 . . 14 2 Recycling Units 16 | . 6 . . . . 6 . . . . . . 1 . . . . . . . . . . . 3 . . . Scanalyzers 29 | . . . . . 4 7 . 6 . . . . . 2 . . . . . . . . . 3 . . . 7 Garrison Access 13 | . . . . . 3 4 . 6 . . . . . . . . . . . . . . . . . . . . Terminal Hacks 125 | . 5 . 1 . 5 8 . 7 2 . 26 . 5 6 . . 13 . 14 . . 2 . 4 . 20 . 7 Record 39 | . . . . . . . . . . . 11 . . . . . 5 . 2 . . . . . . 20 . 1 Part Schematic 21 | . . . . . . 1 . . . . 6 . 3 1 . . 4 . 4 . . . . 2 . . . . Robot Schematic 6 | . . . . . . . . . . . 6 . . . . . . . . . . . . . . . . . Robot Analysis 2 | . 1 . . . 1 . . . . . . . . . . . . . . . . . . . . . . . Prototype ID Bank 7 | . . . . . . . . . . . 3 . . . . . 4 . . . . . . . . . . . Open Door 6 | . . . . . . . . . 2 . . . . . . . . . . . . 2 . . . . . 2 Level Access Points 1 | . . . . . . . . . . . . . 1 . . . . . . . . . . . . . . . Branch Access Points 5 | . . . . . . 1 . . . . . . 1 1 . . . . 1 . . . . 1 . . . . Terminal Index 2 | . . . . . . 1 . 1 . . . . . . . . . . . . . . . . . . . . Fabricator Index 1 | . . . . . . . . 1 . . . . . . . . . . . . . . . . . . . . Alert Level 1 | . . . . . . . . . . . . . . . . . . . . . . . . . . . . 1 Unreport Threat 18 | . 2 . . . 1 2 . 3 . . . . . 3 . . . . 4 . . . . 1 . . . 2 Locate Traps 5 | . 2 . . . 1 1 . 1 . . . . . . . . . . . . . . . . . . . . Reprogram Traps 2 | . . . . . . . . . . . . . . . . . . . 2 . . . . . . . . . Security Status 1 | . . . . . . 1 . . . . . . . . . . . . . . . . . . . . . . Patrol Status 1 | . . . . . . 1 . . . . . . . . . . . . . . . . . . . . . . Transport Status 1 | . . . . . 1 . . . . . . . . . . . . . . . . . . . . . . . Recall Investigation 1 | . . . . . . . . 1 . . . . . . . . . . . . . . . . . . . . Hauler Manifests 1 | . . . . . 1 . . . . . . . . . . . . . . . . . . . . . . . Zone Layout 3 | . . . . . . . . . . . . . . 1 . . . . 1 . . . . . . . . 1 EX-Prototype ID Bank 1 | . . . 1 . . . . . . . . . . . . . . . . . . . . . . . . . Fabricator Hacks 26 | . . . . . . 2 . 7 . . . . . . . . . . 4 . . . . 5 8 . . . Load Schematic 11 | . . . . . . 1 . 4 . . . . . . . . . . 2 . . . . 2 2 . . . Build 15 | . . . . . . 1 . 3 . . . . . . . . . . 2 . . . . 3 6 . . . Repair Station Hacks 9 | . . . . . . . . 1 . . . . 4 . . . . . . . . . . 1 . . 2 1 Scan Component 5 | . . . . . . . . 1 . . . . 2 . . . . . . . . . . 1 . . 1 . Repair 3 | . . . . . . . . . . . . . 2 . . . . . . . . . . . . . 1 . Refit 1 | . . . . . . . . . . . . . . . . . . . . . . . . . . . . 1 Recycling Unit Hacks 7 | . 2 . . . . 3 . . . . . . 1 . . . . . . . . . . . 1 . . . Retrieve Components 7 | . 2 . . . . 3 . . . . . . 1 . . . . . . . . . . . 1 . . . Scanalyzer 22 | . . . . . 4 6 . 6 . . . . . 2 . . . . . . . . . 1 . . . 3 Insert Component 11 | . . . . . 1 3 . 2 . . . . . 1 . . . . . . . . . 1 . . . 3 Analyze 11 | . . . . . 3 3 . 4 . . . . . 1 . . . . . . . . . . . . . . Garrison Access Hacks 4 | . . . . . . 2 . 2 . . . . . . . . . . . . . . . . . . . . Seal Access 4 | . . . . . . 2 . 2 . . . . . . . . . . . . . . . . . . . . Unauthorized Hacks 27 | . 2 . . . 2 3 . 5 . . . . . 3 . . . . 5 . . . . 3 3 . . 1 Terminals 17 | . 1 . . . 1 1 . 4 . . . . . 3 . . . . 3 . . . . 2 1 . . 1 Track 10 | . . . . . . . . 4 . . . . . 2 . . . . 2 . . . . 1 1 . . . Assimilate 3 | . . . . . . 1 . . . . . . . . . . . . . . . . . 1 . . . 1 Disrupt 1 | . . . . . . . . . . . . . . . . . . . 1 . . . . . . . . . Operators 3 | . 1 . . . 1 . . . . . . . . 1 . . . . . . . . . . . . . . Fabricators 5 | . . . . . . . . . . . . . . . . . . . 2 . . . . 1 2 . . . Prioritize 2 | . . . . . . . . . . . . . . . . . . . 1 . . . . . 1 . . . Siphon 3 | . . . . . . . . . . . . . . . . . . . 1 . . . . 1 1 . . . Repair Stations . | . . . . . . . . . . . . . . . . . . . . . . . . . . . . . Recycling Units 2 | . 1 . . . . 1 . . . . . . . . . . . . . . . . . . . . . . Recyclers 1 | . . . . . . 1 . . . . . . . . . . . . . . . . . . . . . . Mask 1 | . 1 . . . . . . . . . . . . . . . . . . . . . . . . . . . Scanalyzers 1 | . . . . . . 1 . . . . . . . . . . . . . . . . . . . . . . Extract 1 | . . . . . . 1 . . . . . . . . . . . . . . . . . . . . . . Garrison Access 2 | . . . . . 1 . . 1 . . . . . . . . . . . . . . . . . . . . Jam 2 | . . . . . 1 . . 1 . . . . . . . . . . . . . . . . . . . . Data Cores Recovered 2 | . 1 . . . 1 . . . . . . . . . . . . . . . . . . . . . . . Used 1 | . . . . . 1 . . . . . . . . . . . . . . . . . . . . . . . Hacking Detections 70 | . 8 . . . 7 14 . 15 . . . . 4 4 . . . . 6 . . . . 4 4 . . 4 Full Trace Events 8 | . . . . . 2 1 . 4 . . . . . . . . . . . . . . . . . . . 1 Feedback Events 3 | . . . . . . 1 . 1 . . . . . . . . . . . . . . . . . . . 1 Corruption 2 | . . . . . . 1 . . . . . . . . . . . . . . . . . . . . . 1 Hackware Fried 1 | . . . . . . . . 1 . . . . . . . . . . . . . . . . . . . . Feedback Blocked . | . . . . . . . . . . . . . . . . . . . . . . . . . . . . . Robot Schematics Acquired 6 | . . . . . . . . . . . 6 . . . . . . . . . . . . . . . . . Robots Built . | . . . . . . . . . . . . . . . . . . . . . . . . . . . . . Matter . | . . . . . . . . . . . . . . . . . . . . . . . . . . . . . Time . | . . . . . . . . . . . . . . . . . . . . . . . . . . . . . Total Robot Build Rating . | . . . . . . . . . . . . . . . . . . . . . . . . . . . . . Part Schematics Acquired 28 | . . . . . 1 5 . 2 . . 6 . 3 1 . . 4 . 4 . . . . 2 . . . . Parts Built 15 | . . . . . . 1 . 2 . . . . . . . . . . 4 . . . . 3 5 . . . Matter 3335 | . . . . . . 219 . 504 . . . . . . . . . . 318 . . . . 586 1708 . . . Time 1178 | . . . . . . 58 . 268 . . . . . . . . . . 159 . . . . 134 559 . . . Total Part Build Rating 85 | . . . . . . 3 . 8 . . . . . . . . . . 24 . . . . 17 33 . . . Parts Repaired 3 | . . . . . . . . . . . . . 2 . . . . . . . . . . . . . 1 . Time 156 | . . . . . . . . . . . . . 132 . . . . . . . . . . . . . 24 . Parts Recycled . | . . . . . . . . . . . . . . . . . . . . . . . . . . . . . Recycled Matter . | . . . . . . . . . . . . . . . . . . . . . . . . . . . . . Retrieved Matter . | . . . . . . . . . . . . . . . . . . . . . . . . . . . . . Retrieved Components 14 | . 11 . . . . . . . . . . . 3 . . . . . . . . . . . . . . . Parts Scanalyzed 7 | . . . . . 1 3 . 2 . . . . . 1 . . . . . . . . . . . . . . Part Schematics Acquired 5 | . . . . . 1 2 . 2 . . . . . . . . . . . . . . . . . . . . Parts Damaged . | . . . . . . . . . . . . . . . . . . . . . . . . . . . . . Bothacking | -11 -10 -10 -10 -9 -8 -7 -7 -7 -7 -7 -7 -6 -6 -5 -5 -5 -5 -4 -4 -4 -4 -4 -3 -3 -3 -3 -2 -2 ------------ Run | Scr Mat Min Exi Min Mat Fac Was Fac Low Low Dat Pro Fac Fac Upp Upp Zhi Pro Fac Upp Upp War Pro Res Arm Lab Res Qua Used RIF Installer . | . . . . . . . . . . . . . . . . . . . . . . . . . . . . . Robots Hacked . | . . . . . . . . . . . . . . . . . . . . . . . . . . . . . Non-combat . | . . . . . . . . . . . . . . . . . . . . . . . . . . . . . Combat . | . . . . . . . . . . . . . . . . . . . . . . . . . . . . . Robot Hacks Applied . | . . . . . . . . . . . . . . . . . . . . . . . . . . . . . Relay Couplers Released . | . . . . . . . . . . . . . . . . . . . . . . . . . . . . . Robots Rewired . | . . . . . . . . . . . . . . . . . . . . . . . . . . . . . Allies Hacked . | . . . . . . . . . . . . . . . . . . . . . . . . . . . . . Hacks Repelled . | . . . . . . . . . . . . . . . . . . . . . . . . . . . . . Allies | -11 -10 -10 -10 -9 -8 -7 -7 -7 -7 -7 -7 -6 -6 -5 -5 -5 -5 -4 -4 -4 -4 -4 -3 -3 -3 -3 -2 -2 -------- Run | Scr Mat Min Exi Min Mat Fac Was Fac Low Low Dat Pro Fac Fac Upp Upp Zhi Pro Fac Upp Upp War Pro Res Arm Lab Res Qua Total Allies 15 | . . 3 . . . 1 1 . . . . . . 8 . . . . . . . . . 1 . . . 1 Largest Group 8 | . . 3 2 2 2 1 1 . . . . . . 8 . . . . . . . . . 1 . . . 1 Highest-Rated Group 214 | . . 40 21 21 21 10 31 . . . . . . 214 . . . . . . . . . 44 . . . 26 Highest-Rated Ally 44 | . . 16 13 13 13 10 31 . . . . . . 31 . . . . . . . . . 44 . . . 26 Total Orders . | . . . . . . . . . . . . . . . . . . . . . . . . . . . . . Ally Attacks 43 | . . 15 . . 11 . 6 . . . . . . 11 . . . . . . . . . . . . . . Total Damage 536 | . . 122 . . 142 . 127 . . . . . . 145 . . . . . . . . . . . . . . Kills 8 | . . 6 . . 1 . . . . . . . . 1 . . . . . . . . . . . . . . Allies Corrupted 1 | . . . . . . . . . . . . . . . . . . . . . . . . . . . . 1 Allies Melted . | . . . . . . . . . . . . . . . . . . . . . . . . . . . . . Intel | -11 -10 -10 -10 -9 -8 -7 -7 -7 -7 -7 -7 -6 -6 -5 -5 -5 -5 -4 -4 -4 -4 -4 -3 -3 -3 -3 -2 -2 ------- Run | Scr Mat Min Exi Min Mat Fac Was Fac Low Low Dat Pro Fac Fac Upp Upp Zhi Pro Fac Upp Upp War Pro Res Arm Lab Res Qua Robot Analysis Total 117 | . 1 . . . 1 . . . . . 115 . . . . . . . . . . . . . . . . . Derelict Logs Recovered 15 | . . 2 . 1 . . . . 2 2 . 1 . . 2 2 . 1 . 1 1 . . . . . . . Drone Launches . | . . . . . . . . . . . . . . . . . . . . . . . . . . . . . Drone Recoveries . | . . . . . . . . . . . . . . . . . . . . . . . . . . . . . Exploration | -11 -10 -10 -10 -9 -8 -7 -7 -7 -7 -7 -7 -6 -6 -5 -5 -5 -5 -4 -4 -4 -4 -4 -3 -3 -3 -3 -2 -2 ------------- Run | Scr Mat Min Exi Min Mat Fac Was Fac Low Low Dat Pro Fac Fac Upp Upp Zhi Pro Fac Upp Upp War Pro Res Arm Lab Res Qua Turns Passed 9153 | 105 1491 992 412 76 1110 733 29 504 319 139 38 102 363 138 112 289 41 277 213 36 71 174 51 231 559 107 127 314 Spaces Moved 12156 | 55 782 528 228 43 515 1574 103 1219 737 314 99 226 412 300 318 630 152 414 411 178 227 690 221 188 259 162 437 734 Core 61 | 33 . . . . . . . . . . . . . . . . . . . . . . . . . . . 28 Treads 2118 | 22 782 528 228 43 515 . . . . . . . . . . . . . . . . . . . . . . . Legs . | . . . . . . . . . . . . . . . . . . . . . . . . . . . . . Wheels . | . . . . . . . . . . . . . . . . . . . . . . . . . . . . . Hover 63 | . . . . . . . . . . . . . . . . . . . . . . . . . . . . 63 Flight 9914 | . . . . . . 1574 103 1219 737 314 99 226 412 300 318 630 152 414 411 178 227 690 221 188 259 162 437 643 Fastest Speed 5 | 50 160 180 180 180 160 25 25 23 17 23 17 17 23 20 14 20 23 14 20 14 14 15 18 21 20 5 20 5 Average Speed 49 | 150 166 180 180 180 167 25 25 24 22 24 21 24 24 21 20 21 23 21 21 19 19 20 20 21 20 27 20 24 Slowest Speed 200 | 200 180 180 180 180 180 26 25 25 23 26 23 29 90 92 23 23 23 23 23 20 20 96 21 21 21 88 20 102 Overloaded Moves 401 | . . . . . . . . . 19 . 16 8 . . 6 . . 34 . 14 11 4 35 . . 2 . 252 Propulsion Burnouts . | . . . . . . . . . . . . . . . . . . . . . . . . . . . . . Robots Hopped 84 | . . . . . . 13 3 16 1 . 1 2 1 3 . 1 . 1 9 1 1 . . 2 . . 12 17 Cave-ins Triggered . | . . . . . . . . . . . . . . . . . . . . . . . . . . . . . Teleports 2 | . . . . . . . . . . . . . . . . . . . . . . . . . 1 . . 1 Exploration Rate (%) 51 | 4 99 99 61 19 39 39 74 33 76 63 77 52 17 9 50 72 61 58 11 55 44 96 54 8 22 99 17 75 Regions Visited 28 Branch Regions 18 Pre-discovered Areas 34 | . . 2 . 1 . . . . . . 27 . . . 1 . 3 . . . . . . . . . . . Known Exits Taken 10 | . . . . . . . . 1 . 1 . 1 1 1 . . . . 1 1 1 . 1 1 . . . . Unknown Exits Taken 16 | 1 1 1 1 1 1 . . . 1 . 1 . . . 1 1 1 1 . . . 1 . . 1 1 1 . Scrap Searched 12 | . . 1 . . . . . . 2 2 . . . . 1 3 . . . 1 1 . 1 . . . . . Spaces Dug 194 | . . . . . . 27 . 34 18 . . . 13 2 . 17 . 19 12 . 6 . 2 13 13 . 4 14 Terrain Destroyed 1123 | . . . . . . 27 . 69 18 . . . 13 19 . 17 . 19 12 . 6 . 2 13 13 . 4 891 Melee 191 | . . . . . . 24 . 34 18 . . . 13 2 . 17 . 19 12 . 6 . 2 13 13 . 4 14 Projectile . | . . . . . . . . . . . . . . . . . . . . . . . . . . . . . AOE 932 | . . . . . . 3 . 35 . . . . . 17 . . . . . . . . . . . . . 877 Terrain Rammed . | . . . . . . . . . . . . . . . . . . . . . . . . . . . . . Walls Destroyed . | . . . . . . . . . . . . . . . . . . . . . . . . . . . . . Machines Disabled . | . . . . . . . . . . . . . . . . . . . . . . . . . . . . . Actions | -11 -10 -10 -10 -9 -8 -7 -7 -7 -7 -7 -7 -6 -6 -5 -5 -5 -5 -4 -4 -4 -4 -4 -3 -3 -3 -3 -2 -2 --------- Run | Scr Mat Min Exi Min Mat Fac Was Fac Low Low Dat Pro Fac Fac Upp Upp Zhi Pro Fac Upp Upp War Pro Res Arm Lab Res Qua Total 14620 | 70 912 563 231 42 657 1841 102 1350 849 366 107 264 644 363 359 748 157 571 496 178 242 720 222 355 742 200 458 811 Wait 1682 | . 26 26 . . 17 177 1 85 74 39 . 35 196 41 36 90 . 137 65 . 8 11 . 143 452 . 22 1 Move 11975 | 55 781 527 227 42 514 1549 97 1188 734 313 96 221 409 293 317 627 151 411 395 175 224 689 220 183 258 161 417 701 Hop 71 | . . . . . . 12 2 14 1 . 1 2 1 3 . 1 . 1 6 1 1 . . 2 . . 7 16 Pick Up 117 | 5 26 1 2 . 14 10 1 3 . 2 2 2 6 6 1 1 2 . 2 1 . 4 . 4 3 6 1 12 Fast Attach 75 | 7 3 . . . 12 5 . 6 4 2 . . 5 3 . 2 1 . 3 . 1 5 . . 3 5 3 5 Attach 58 | . 1 . . . 4 15 . 1 3 1 . . 1 2 1 1 1 . 2 . 1 1 . 2 1 5 1 14 Detach 30 | 1 2 . . . 6 5 . 1 2 2 . . . 1 . 3 1 . 1 . 1 . . . . 2 1 1 Swap 34 | . 6 . . . 3 6 . 3 1 . . . 4 . . . . 3 . . . 2 . 3 2 . . 1 Drop 157 | . 23 1 2 . 19 26 1 8 5 1 3 1 5 8 1 2 1 . 2 1 . 8 . 3 7 5 2 22 Fire 119 | 2 41 2 . . 64 2 . 4 . . . . . 3 . . . . . . . . . . . . . 1 Melee 284 | . . . . . . 34 . 37 25 6 5 3 17 3 3 21 . 19 20 . 6 . 2 15 16 16 4 32 Ram 1 | . . . . . . . . . . . . . . . . . . . . . . . . . . . . 1 Kick . | . . . . . . . . . . . . . . . . . . . . . . . . . . . . . Crush 13 | . 3 6 . . 4 . . . . . . . . . . . . . . . . . . . . . . . Escape Stasis 4 | . . . . . . . . . . . . . . . . . . . . . . . . . . . . 4 Rewire . | . . . . . . . . . . . . . . . . . . . . . . . . . . . . . Trap . | . . . . . . . . . . . . . . . . . . . . . . . . . . . . . Miscellaneous . | . . . . . . . . . . . . . . . . . . . . . . . . . . . . . Route ------- -11/Scrapyard -10/Materials (discovered 5 exits: [*Mat x3] / [*Min x2]) -10/Mines (discovered 3 exits: [*Mat x2] / *Exi) -10/Exiles (discovered 2 exits: [*Min x2]) -9/Mines -8/Materials -7/Factory (discovered 3 exits: *Fac / *Low x2) -7/Waste -7/Factory (discovered 2 exits: *Fac / *Low) -7/Lower Caves -7/Lower Caves (discovered 2 exits: *Fac / *Dat) -7/Data Miner -6/Proximity Caves -6/Factory (discovered 6 exits: *Fac x4 / Low x2) -5/Factory (discovered 2 exits: *Upp x2) -5/Upper Caves -5/Upper Caves (discovered 2 exits: *Fac / *Zhi) -5/Zhirov -4/Proximity Caves -4/Factory (discovered 5 exits: Res / *Upp x2 / Ext x2) -4/Upper Caves -4/Upper Caves -4/Warlord -3/Proximity Caves -3/Research (discovered 3 exits: *Arm / Tes x2) -3/Armory -3/Lab -2/Research -2/Quarantine (discovered 1 exit: [*Acc]) History --------- Turn | Location | Event 55 | -11/Scrapyard | Discovered new exit (range 14) 106 | -11/Scrapyard | Entered Materials 204 | -10/Materials | Discovered new exit (range 13) 316 | -10/Materials | Build established: Mutant 673 | -10/Materials | Discovered new exit (range 16) 869 | -10/Materials | Discovered new exit (range 15) 1266 | -10/Materials | Discovered new exit (range 15) 1378 | -10/Materials | Discovered new exit (range 16) 1597 | -10/Materials | Entered Mines 1605 | -10/Mines | Assisted by bots powering up and referring to "LRC-V3" 1826 | -10/Mines | Learned location of Zion (-6) 2198 | -10/Mines | Discovered new exit (range 7) 2289 | -10/Mines | Discovered new exit (range 6) 2575 | -10/Mines | Deemed a non-threat by the Exiles lab entrance 2575 | -10/Mines | Discovered new exit (range 5) 2589 | -10/Mines | Entered Exiles 2589 | -10/Exiles | Accompanied by 2 allies 2613 | -10/Exiles | Discovered new exit (range 15) 2634 | -10/Exiles | Met 8R-AWN 2663 | -10/Exiles | Met EX-HEX 2723 | -10/Exiles | Met EX-BIN 2748 | -10/Exiles | Aligned with FarCom system 2750 | -10/Exiles | Given EX-Vault access code 2795 | -10/Exiles | Opened EX-Vault 2810 | -10/Exiles | Found Superbattery 2815 | -10/Exiles | Found Latent Energy Streamer 2852 | -10/Exiles | Warned to stay clear of 0b10 Research branches 2907 | -10/Exiles | Met EX-DEC 2978 | -10/Exiles | Discovered new exit (range 11) 3001 | -10/Exiles | Stole two prototypes: Latent Energy Streamer, Superbattery 3001 | -10/Exiles | Entered Mines 3001 | -9/Mines | Accompanied by 2 allies 3050 | -9/Mines | Discovered new exit (range 13) 3077 | -9/Mines | Entered Materials 3077 | -8/Materials | Accompanied by 2 allies 3077 | -8/Materials | Evolved 4 slots: Propulsion x2, Utility x2 3407 | -8/Materials | Build established: Hauler-Mutant 3719 | -8/Materials | Discovered new exit (range 3) 4187 | -8/Materials | Entered Factory 4187 | -7/Factory | Evolved 2 slots: Power x1, Propulsion x1 4189 | -7/Factory | FarCom data flow suspended 4482 | -7/Factory | Build established: Hacker-Sprinter 4504 | -7/Factory | Discovered new exit (range 5) 4770 | -7/Factory | Identified exit to Lower Caves 4776 | -7/Factory | Discovered new exit (range 6) 4830 | -7/Factory | Fabricated Imp. VTOL Module? 4892 | -7/Factory | Local fabrication network quarantined 4920 | -7/Factory | Manually triggered Chute Trap 4920 | -7/Factory | Sucked down chute 4920 | -7/Factory | Entered Waste 4921 | -7/Waste | Met a frightened Derelict 4929 | -7/Waste | Spotted C-40 Crusher 4932 | -7/Waste | Spotted C-40 Crusher 4934 | -7/Waste | Spotted C-40 Crusher 4935 | -7/Waste | EMP discharged 4936 | -7/Waste | Spotted C-40 Crusher 4939 | -7/Waste | Spotted C-40 Crusher 4944 | -7/Waste | Spotted C-40 Crusher 4945 | -7/Waste | Discovered new exit (range 11) 4949 | -7/Waste | Entered Factory 4971 | -7/Factory | Discovered new exit (range 9) 4993 | -7/Factory | Hacking Suite fried by hacking feedback 5067 | -7/Factory | Garrison activated, responded to threat 5244 | -7/Factory | Local fabrication network quarantined 5264 | -7/Factory | Fabricated Cld. VTOL Module? 5342 | -7/Factory | Fabricated Cld. VTOL Module (x1) 5449 | -7/Factory | Discovered exit to Lower Caves (range 4) 5453 | -7/Factory | Entered Lower Caves 5464 | -7/Lower Caves | Learned Factory terminal intel 5617 | -7/Lower Caves | Learned 8 Factory zone layouts 5725 | -7/Lower Caves | Attracted the attention of an 0b10 checkpoint 5767 | -7/Lower Caves | Discovered new exit (range 16) 5772 | -7/Lower Caves | Entered another Lower Caves area 5772 | -7/Lower Caves | Discovered new exit (range 8) 5798 | -7/Lower Caves | Lost 3 parts (2p1w) 5857 | -7/Lower Caves | Identified exit to Data Miner 5884 | -7/Lower Caves | Learned location of 1 exit from Factory 5905 | -7/Lower Caves | Spotted XI-BCG(f) 5905 | -7/Lower Caves | Spotted S0-P2O(f) 5907 | -7/Lower Caves | Encountered a Master Thief 5907 | -7/Lower Caves | Spotted IU-D7D(f) 5908 | -7/Lower Caves | Encountered a Master Thief 5908 | -7/Lower Caves | Encountered a Master Thief 5911 | -7/Lower Caves | Entered Data Miner 5911 | -7/Data Miner | Discovered new exit (range 6) 5916 | -7/Data Miner | Met Data Miner 5920 | -7/Data Miner | Learned location of Section 7 (-2) 5920 | -7/Data Miner | Acquired the access code to Warlord's prototype stash 5924 | -7/Data Miner | Received God Mode back door access code from Data Miner 5931 | -7/Data Miner | Interfaced with the Data Conduit 5949 | -7/Data Miner | Entered Proximity Caves 5995 | -6/Proximity Caves | Identified exit to Factory 6034 | -6/Proximity Caves | Spotted B-75 Beast 6035 | -6/Proximity Caves | Entered a huge 0b10 base via the front door 6051 | -6/Proximity Caves | Entered Factory 6051 | -6/Factory | Evolved 2 slots: Utility x2 6052 | -6/Factory | Identified exit to Lower Caves 6054 | -6/Factory | Loaded intel: 255 machine locations 6055 | -6/Factory | Loaded intel: 20 terminal locations 6160 | -6/Factory | Identified exit to Factory 6307 | -6/Factory | Repaired Adv. Cryofiber Web 6378 | -6/Factory | Repaired Cld. VTOL Module 6414 | -6/Factory | Entered another Factory area 6414 | -5/Factory | Evolved 2 slots: Power x1, Propulsion x1 6415 | -5/Factory | Loaded intel: 253 machine locations 6459 | -5/Factory | Identified exit to Upper Caves 6552 | -5/Factory | Entered Upper Caves 6639 | -5/Upper Caves | Learned 4 Factory zone layouts 6663 | -5/Upper Caves | Discovered new exit (range 8) 6664 | -5/Upper Caves | Entered another Upper Caves area 6674 | -5/Upper Caves | Discovered new exit (range 6) 6839 | -5/Upper Caves | Attracted the attention of an 0b10 checkpoint 6902 | -5/Upper Caves | Learned Factory trap positions 6952 | -5/Upper Caves | Discovered new exit (range 7) 6953 | -5/Upper Caves | Entered Zhirov 6953 | -5/Zhirov | Discovered new exit (range 3) 6958 | -5/Zhirov | Met Zhirov 6964 | -5/Zhirov | Zhirov requested help retrieving the SGEMP Prototype 6973 | -5/Zhirov | Found Alien Artifact 6973 | -5/Zhirov | Identified Integrated Dissipator 6973 | -5/Zhirov | Installed Integrated Dissipator, increased core heat dissipation (+20) 6983 | -5/Zhirov | Found Alien Artifact 6994 | -5/Zhirov | Entered Proximity Caves 7189 | -4/Proximity Caves | Learned location of 1 exit from Upper Caves 7268 | -4/Proximity Caves | Discovered new exit (range 10) 7271 | -4/Proximity Caves | Entered Factory 7271 | -4/Factory | Evolved 2 slots: Utility x2 7272 | -4/Factory | Identified exit to Research 7273 | -4/Factory | Loaded intel: 89 trap records 7274 | -4/Factory | Loaded intel: 259 machine locations 7320 | -4/Factory | Spotted B-86 Titan 7364 | -4/Factory | Fabricated Mic. Fission Core (x2) 7421 | -4/Factory | Fabricated Mic. Fission Core (x2) 7446 | -4/Factory | Identified exit to Upper Caves 7446 | -4/Factory | Identified exit to Extension 7484 | -4/Factory | Entered Upper Caves 7485 | -4/Upper Caves | Identified exit to Upper Caves 7493 | -4/Upper Caves | Learned Research terminal intel 7520 | -4/Upper Caves | Entered another Upper Caves area 7521 | -4/Upper Caves | Identified exit to Warlord 7545 | -4/Upper Caves | Attracted the attention of an 0b10 checkpoint 7548 | -4/Upper Caves | Learned Research security intel 7558 | -4/Upper Caves | Spotted B-86 Titan 7591 | -4/Upper Caves | Entered Warlord 7671 | -4/Warlord | Met Warlord 7676 | -4/Warlord | Opened Warlord's prototype stash 7682 | -4/Warlord | Found Vortex Chain Reactor 7686 | -4/Warlord | Found Exp. Armor Integrity Analyzer 7689 | -4/Warlord | Found Prototype Hackware 7696 | -4/Warlord | Warlord's base attacked by MAIN.C 7747 | -4/Warlord | Opened side exit 7763 | -4/Warlord | Discovered new exit (range 9) 7765 | -4/Warlord | Entered Proximity Caves 7815 | -3/Proximity Caves | Discovered exit to Research (range 5) 7816 | -3/Proximity Caves | Entered Research 7816 | -3/Research | Evolved 2 slots: Utility x2 7816 | -3/Research | Identified Ghost Barrier 7818 | -3/Research | Loaded intel: 118 machine locations 7819 | -3/Research | Loaded intel: 20 terminal locations 7826 | -3/Research | Identified Transdimensional Reconstructor 7841 | -3/Research | Spotted B-86 Titan 7845 | -3/Research | Identified exit to Armory 7845 | -3/Research | Identified exit to Testing 7903 | -3/Research | Fabricated Adv. Reaction Control System (x1) 7950 | -3/Research | Fabricated Cld. VTOL Module (x1) 7996 | -3/Research | Fabricated Cld. VTOL Module (x1) 8047 | -3/Research | Entered Armory 8048 | -3/Armory | Loaded intel: 70 machine locations 8161 | -3/Armory | Fabricated Cld. Nuclear Pulse Thruster (x1) 8287 | -3/Armory | Fabricated Imp. Stasis Canceller (x1) 8371 | -3/Armory | Fabricated Cld. Nuclear Pulse Thruster (x1) 8460 | -3/Armory | Fabricated Cld. Nuclear Pulse Thruster (x1) 8545 | -3/Armory | Fabricated Cld. Nuclear Pulse Thruster (x1) 8573 | -3/Armory | Spotted B-86 Titan 8602 | -3/Armory | Warped through subspace to slip node 8602 | -3/Armory | Discovered new exit (range 1) 8606 | -3/Armory | Entered Lab 8606 | -3/Lab | Discovered new exit (range 9) 8610 | -3/Lab | Hidden lab's door opened automatically 8610 | -3/Lab | Sensor layout match revealed 8610 | -3/Lab | Detected by scanners 8611 | -3/Lab | Gained access to the hidden lab's interior 8615 | -3/Lab | Decrypted terminal 8615 | -3/Lab | Acquired modification code for an L2 power cell 8619 | -3/Lab | Found Prototype Device 8619 | -3/Lab | Identified AEGIS Remote Shield 8622 | -3/Lab | Found Prototype Energy Gun 8622 | -3/Lab | Identified Hyp. EM Gauss Rifle 8629 | -3/Lab | Found Prototype Hackware 8633 | -3/Lab | Confronted by A5 8664 | -3/Lab | Destroyed A5 8680 | -3/Lab | Found Integrated Dissipator 8680 | -3/Lab | Installed Integrated Dissipator, increased core heat dissipation (+20) 8685 | -3/Lab | Found Transdimensional Reconstructor 8691 | -3/Lab | Found Alien Artifact 8713 | -3/Lab | Entered Research 8713 | -2/Research | Warlord forces began assault on 0b10 8713 | -2/Research | Evolved 2 slots: Utility x2 8713 | -2/Research | Identified Quantum Router 8714 | -2/Research | Loaded intel: 101 machine locations 8745 | -2/Research | Repaired Adv. Reaction Control System 8761 | -2/Research | Met up with Warlord 8789 | -2/Research | Found Hellfire Missile Launcher 8823 | -2/Research | Research machine network offline 8837 | -2/Research | Discovered new exit (range 14) 8840 | -2/Research | Entered Quarantine 8841 | -2/Quarantine | Loaded intel: 73 machine locations 8842 | -2/Quarantine | Spotted Alpha 7 8865 | -2/Quarantine | Found Alien Launcher 8883 | -2/Quarantine | Found Alien Artifact 8903 | -2/Quarantine | Found Alien Artifact 8914 | -2/Quarantine | Found Alien Artifact 8925 | -2/Quarantine | Found Alien Artifact 8948 | -2/Quarantine | Met incapacitated Sigix Warrior 8948 | -2/Quarantine | Lockdown squad dispatched 8949 | -2/Quarantine | Acquired the access code to the Sigix quarantine chamber 8949 | -2/Quarantine | Unlocked Sigix quarantine chamber 8950 | -2/Quarantine | Identified Sigix Terminator 8951 | -2/Quarantine | Fired Sigix Terminator 8962 | -2/Quarantine | Garrison activated, responded to threat 8965 | -2/Quarantine | Spotted Lightning 8965 | -2/Quarantine | Spotted Lightning 8967 | -2/Quarantine | Spotted Lightning 8972 | -2/Quarantine | Destroyed 8 combat bots 8975 | -2/Quarantine | Identified Core Expander 8975 | -2/Quarantine | Identified Terrabomb (x3) 8975 | -2/Quarantine | Identified Stasis Generator 8987 | -2/Quarantine | Scanned by Researcher 9020 | -2/Quarantine | Found Alien Impact Weapon 9020 | -2/Quarantine | Identified Core Stripper 9057 | -2/Quarantine | Installed Core Expander, added new Utility slot 9070 | -2/Quarantine | Found Alien Artifact 9074 | -2/Quarantine | Discovered new exit (range 16) 9076 | -2/Quarantine | Intercept squad dispatched 9081 | -2/Quarantine | Used Terrabomb 9081 | -2/Quarantine | Spotted Tracker 9081 | -2/Quarantine | Spotted Tracker 9090 | -2/Quarantine | First assault squad dispatched 9093 | -2/Quarantine | Spotted Combat Programmer 9093 | -2/Quarantine | Spotted Combat Programmer 9096 | -2/Quarantine | System corruption reached 10% 9099 | -2/Quarantine | Core integrity fell below 50% 9104 | -2/Quarantine | Warped through subspace 9105 | -2/Quarantine | Core integrity fell below 20% 9129 | -2/Quarantine | Lost 17 parts (1p10n5u1w) 9133 | -2/Quarantine | Spotted Fortress 9154 | -2/Quarantine | Destroyed by Fortress with Graviton Cannon Last Messages --------------- 09104_ S-43 Plague emerges from a hatch in the floor. 09104_ G-73 Enforcer emerges from a hatch in the floor. 09104_ S-43 Plague emerges from a hatch in the floor. 09104_ Warped through subspace. 09107_ System corrupted: Component data lost. 09108_ Connecting with Repair Station... >>Refit Scanning configuration... Attaching: Backup Power III x2 Backup Propulsion III x2 Backup Laser III x2 09131_ System corrupted: Matter fused (-9). 09134_ Backup Laser III destroyed. 09134_ Backup Propulsion III destroyed. 09134_ Backup Laser III destroyed. 09134_ Knocked back. 09138_ Slammed into U-05 Engineer. 09140_ Backup Power III destroyed. 09147_ System corrupted: Backup Power III rejected. Map ----- +----------------------------------------------------+ | | | | | | | | | | | | | | | | | | | | | | | | | | | | | | | ?????????????????????????????????????????????????? | | ?????????????????????????????????????????????????? | | ?????????????????????????????????????????????????? | | ?????????????????????????????????????????????????? | | ?????????????????????????????????????????????????? | | #######################################??????????? | | ?????????? | | ?????????? | | ????????? | | u ????????? | | @ ????????? | | * ????????? | | ### """#########################???????????? | | ??#" ""#??????????????????????????????????????? | | ??#"" ""#??????????????????????????????????????? | | ??#"" ""#??????????????????????????????????????? | | ??#"" ""#??????????????????????????????????????? | | ??#"""""""#??????????????????????????????????????? | | ??#########??????????????????????????????????????? | | ?????????????????????????????????????????????????? | | ?????????????????????????????????????????????????? | | ?????????????????????????????????????????????????? | | ?????????????????????????????????????????????????? | | ?????????????????????????????????????????????????? | | ?????????????????????????????????????????????????? | | ?????????????????????????????????????????????????? | | ?????????????????????????????????????????????????? | | ?????????????????????????????????????????????????? | | ?????????????????????????????????????????????????? | | ?????????????????????????????????????????????????? | | ?????????????????????????????????????????????????? | | ?????????????????????????????????????????????????? | | ?????????????????????????????????????????????????? | | ?????????????????????????????????????????????????? | | ?????????????????????????????????????????????????? | +----------------------------------------------------+ Best States ------------- Heat Dissipation 89 Coolant Potential 80 Energy Generation 68 Energy Capacity 4770 Matter Stores 300 Matter Capacity 300 Sight Range 22 Terrain Scan Density 10 Jamming Range 16 Additional Mass Support 16 Base Temperature (-) 200 Evasion (%) 80 Targeting Accuracy 5 Armor Integrity Analysis 90 Recoil Reduction 4 Offensive Hacking 50 Defensive Hacking 69 Item Schematics ----------------- Cesium-ion Thruster | -8/Materials | Scanalyzed Mic. Nuclear Core | -7/Factory | Scanalyzed Transmission Jammer | -7/Factory | Scanalyzed Hvy. Mace | -7/Factory | Extracted Hcp. Storage Unit | -7/Factory | Extracted Imp. VTOL Module | -7/Factory | Hacked Cld. VTOL Module | -7/Factory | Scanalyzed Adv. Cryofiber Web | -7/Factory | Scanalyzed Combat Drone Bay | -7/Data Miner | Free Lgt. Regenerative Plating | -7/Data Miner | Free Exp. Flexi-carbon Leg | -7/Data Miner | Free Cmb. Gravmag System | -7/Data Miner | Free Tactical Coordination Suite | -7/Data Miner | Free Exp. Transmission Jammer | -7/Data Miner | Free Reaction Control System | -6/Factory | Hacked KE Penetrator | -6/Factory | Hacked Imp. Cooling System | -6/Factory | Hacked Cmb. Antigrav System | -5/Factory | Hacked Assault Drone Bay | -5/Zhirov | Free Exp. Heat Sink | -5/Zhirov | Free Exp. Optical Array | -5/Zhirov | Free Imp. Arc Thrower | -5/Zhirov | Free Mic. Fission Core | -4/Factory | Hacked Adv. Coolant Injector | -4/Factory | Hacked Adv. Cooling System | -4/Factory | Hacked Imp. Stasis Canceller | -4/Factory | Hacked Lgt. Quantum Reactor | -3/Research | Hacked Cld. Nuclear Pulse Thruster | -3/Research | Hacked Robot Schematics ------------------ S-27 Virus | -7/Data Miner | Free G-50 Soldier | -7/Data Miner | Free G-67 Veteran | -7/Data Miner | Free X-72 Disruptor | -7/Data Miner | Free P-70 Sage | -7/Data Miner | Free I-36 Angel | -7/Data Miner | Free Fabricated ------------ Imp. VTOL Module | x1 | -7/Factory Cld. VTOL Module | x1 | -7/Factory Cld. VTOL Module | x1 | -7/Factory Mic. Fission Core | x2 | -4/Factory Mic. Fission Core | x2 | -4/Factory Adv. Reaction Control System | x1 | -3/Research | Preloaded Cld. VTOL Module | x1 | -3/Research Cld. VTOL Module | x1 | -3/Research Cld. Nuclear Pulse Thruster | x1 | -3/Armory Imp. Stasis Canceller | x1 | -3/Armory | Preloaded Cld. Nuclear Pulse Thruster | x1 | -3/Armory Cld. Nuclear Pulse Thruster | x1 | -3/Armory Cld. Nuclear Pulse Thruster | x1 | -3/Armory Alien Tech Used ----------------- Integrated Dissipator Transdimensional Reconstructor Sigix Terminator Core Stripper Core Expander Terrabomb Achievements -------------- None Challenges ------------ None Game ------ Seed TrackerSurgeField Manual? 0 Play Time 02:20:04 Cumulative 246.4 hours Start 2021.10.19 @ 19:31:53 End 2021.10.20 @ 17:23:05 Sessions 2 Manual Loads 0 Difficulty Rogue Special Mode None Game No. 296 Rogue 296 Adventurer 0 Explorer 0 Win Type - Total 13 Types 9/0/2/2/0/0/0/0/0 Lore% 87 Gallery% 84 Achievement% 71 Wizard Run 0 Options --------- ASCII 0 Keyboard 0 Movement Arrows Keybinds 0 Fullscreen 1 Font 18/SmallcapsGlow Map View 76x50 Tactical HUD 1 Map Filters NONE Filters NONE Steam 1 RUN: 56cc2726-3028-4a6b-b219-019051bcf7a6